Map: Hecate LE

Players

Subwayeatn - Winner!

  • Race: Zerg Zerg
  • League: Diamond
  • Spawn Location: 7:00

TheChemist

  • Race: Zerg Zerg
  • League: Diamond
  • Spawn Location: 1:00

VOD

Have the link to the VOD?

Description

Time

  • Played on: Nov. 17, 2023, 10:34 a.m.
  • Length: 3:36
Show
View Real Time Build Order
Export as new Build Order

Subwayeatn Zerg - Winner!

Build Orders: Pool First 

Get SALT Encoding   

  12  0:00  Drone  
  13  0:08  Drone  
  13  0:12  Extractor  
  13  0:29  Spawning Pool  
  12  0:57  Hatchery  
  11  1:15  Queen  
  13  1:27  Metabolic Boost  
  13  1:34  Overlord  
  13  1:45  Zergling x2  
  14  1:56  Zergling x2  
  14  1:57  Zergling x4  
  17  2:11  Queen  
  17  2:12  Zergling x2  
  20  2:24  Zergling x4  
  20  2:25  Zergling x2  
  23  2:32  Zergling x2  
  23  2:35  Zergling x2  
  25  2:43  Zergling x2  
  25  2:44  Zergling x2  
  27  2:55  Zergling x2  
Show
View Real Time Build Order
Export as new Build Order

TheChemist Zerg 

Build Orders: Hatch First 

Get SALT Encoding   

  12  0:01  Drone  
  13  0:12  Drone  
  14  0:16  Overlord  
  14  0:27  Extractor  
  14  0:28  Drone  
  14  0:34  Drone  
  16  0:37  Drone  
  17  0:54  Hatchery  
  16  1:07  Spawning Pool  
  16  1:10  Drone  
  16  1:14  Drone  
  16  1:18  Extractor  
  16  1:20  Drone  
  16  1:24  Drone  
  18  1:33  Drone  
  19  1:43  Overlord  
  19  1:54  Zergling x2  
  19  1:55  Queen  
  22  2:04  Drone  
  22  2:06  Zergling x2, Queen  
  26  2:16  Drone x2  
  26  2:18  Extractor  
  27  2:38  Drone  
  27  2:39  Drone x3  
  27  2:43  Roach Warren  
  30  2:53  Drone x2  
  30  3:11  Zergling x8  
  30  3:12  Zergling x4  
Tags
 
Add a new tag
Caveats
  • Supply blocks, unpowered buildings, or Contaminate may cause inaccurate times.
  • Supply counts are checked every 10 seconds.